 Dungeon Crawl Stone Soup version 0.29.0-4-gdea44cf6ec (webtiles) character file.

Game seed: 17937643133488998389

140 qw the Ruffian (level 5, -2/50 HPs)
             Began as a Troll Cinder Acolyte on Sept 2, 2022.
             Was a High Priest of Ignis.
             Slain by Sigmund
             ... wielding a +0 scythe
              (5 damage)
             ... on level 3 of the Dungeon.
             The game lasted 00:01:35 (2179 turns).

qw the Ruffian (Troll Cinder Acolyte)               Turns: 2179, Time: 00:01:35

Health: -2/50      AC: 11    Str: 24    XL:     5   Next: 2%
Magic:  5/5        EV:  9    Int: 10    God:    Ignis [*****.]
Gold:   173        SH:  0    Dex:  5    Spells: 6/6 levels left

rFire   + . .      SeeInvis .     - Unarmed
rCold   . . .      Faith    .   (no shield)
rNeg    . . .      Spirit   .   a - +0 robe
rPois   .          Reflect  .   (helmet restricted)
rElec   .          Harm     .   (no cloak)
rCorr   .          Rampage  .   (gloves unavailable)
Will    .....                   (boots unavailable)
Stlth   +.........              (no amulet)
HPRegen 0.96/turn               (no ring)
MPRegen 0.09/turn               (no ring)

@: fiery-armoured
A: large, unfitting armour, claws 3, regeneration 1, shaggy fur 1, tough skin 1
a: Renounce Religion, Fiery Armour, Foxfire Swarm, Rising Flame


You were on level 3 of the Dungeon.
You worshipped Ignis.
Ignis was extremely pleased with you.
You visited 1 branch of the dungeon, and saw 3 of its levels.

You collected 173 gold pieces.


Innate Abilities, Weirdness & Mutations

You are too large for most types of armour.
You have claws for hands.
Your natural rate of healing is unusually fast.
You are covered in fur. (AC +1)
You have tough skin. (AC +1)


   Skills:
 - Level 2.4 Fighting
 + Level 5.7 Unarmed Combat
 - Level 1.0 Spellcasting
 - Level 2.1 Fire Magic


You had 6 spell levels left.
You didn't know any spells.
Your spell library contained the following spells:

 Spells                   Type           Power      Damage    Failure   Level
 Scorch                   Fire           8%         2d5       22%         2

Inventory:

Armour
 a - a +0 robe (worn)
Scrolls
 c - a scroll of immolation {unknown}
 g - a scroll of identify
 h - 2 scrolls of noise {unknown}
 j - a scroll of poison {unknown}
Potions
 b - a potion of might
 d - a potion of cancellation
 e - a potion of attraction {unknown}
 f - a potion of degeneration {unknown}
 i - a potion of magic {unknown}

Dungeon Overview and Level Annotations

Branches:
Dungeon (3/15)

Altars:

Shops:
D:1 !

Annotations:
D:3 Sigmund


Message History

a +0 dagger; an orc corpse Something hits you but does no damage.
Something hits you.
You hear some strange, mumbled words.
You are confused.
Something hits you!
You're too confused to move!
Something hits you!
You hear some strange, mumbled words.
Something tries to affect you, but you resist.
You feel less confused. Something completely misses you.
You swing at nothing.
You swing at nothing.
Something hits you.
You swing at nothing.
Something hits you!
You swing at nothing.
You swing at nothing.
Something hits you but does no damage.
You swing at nothing.
You swing at nothing.
Something completely misses you.
You swing at nothing.
Something hits you.
You swing at nothing.
You swing at nothing.
Something hits you.
You swing at nothing.
You swing at nothing.
Something hits you!
You swing at nothing.
Something hits you.
You swing at nothing.
Sigmund appears from thin air!
Reactivating autopickup.
2179 ||| INVOKING Fiery Armour.
A protective cloak of flame settles atop you.
Sigmund hits you from afar with a +0 scythe.
You die...

#.........# #...))....#
#.........# #.........#
#.........# #>........#
#....@....#
#########.........###
#............@.......
#........########....
#.......## ..... #.......#
......
###........########......@
.......####................
..###.## #...########
.###.. #...#### ## #.#
#.....[#


You could see Sigmund.

Vanquished Creatures
  A hound (D:3)
  A gnoll (D:1)
  3 adders
  A worm (D:3)
  A dart slug (D:1)
  An orc (D:3)
  3 bats
  6 endoplasms
  2 giant cockroaches
  6 hobgoblins
  8 jackals (D:1)
  4 quokkas
  6 ball pythons
  A frilled lizard (D:3)
  6 goblins
  6 kobolds
  6 rats
62 creatures vanquished.

Notes
Turn   | Place    | Note
-------+----------+-------------------------------------------
     0 | D:1      | qw the Troll Cinder Acolyte began the quest for the Orb.
     0 | D:1      | Reached XP level 1. HP: 22/22 MP: 1/1
     0 | D:1      | 0 ||| qw: Version: 0.1-a-97-g2dd2ca4
     0 | D:1      | 0 ||| qw: Game counter: 4967
     0 | D:1      | 0 ||| qw: Always use a shield: true
     0 | D:1      | 0 ||| qw: God list: Okawaru
     0 | D:1      | 0 ||| qw: Allow faded altars: false
     0 | D:1      | 0 ||| qw: Do Orc after D:15 true
     0 | D:1      | 0 ||| qw: Do second Lair branch before Depths: true
     0 | D:1      | 0 ||| qw: Lair rune preference: random
     0 | D:1      | 0 ||| qw: Plans: Normal
     0 | D:1      | 0 ||| PLANNING D:1-11
   163 | D:1      | You fall into a shaft and drop 1 floor!
   175 | D:2      | 175 ||| READING scroll labelled XOSEVE QEMPO.
   176 | D:2      | 176 ||| READING scroll labelled YZXISHR GURYDO.
   177 | D:2      | 177 ||| READING scroll labelled ERAADDIDAT.
   197 | D:2      | 197 ||| DRINKING 2 glowing brown potions.
   198 | D:2      | 198 ||| DROPPING potion of flight.
   260 | D:2      | Reached XP level 2. HP: 29/29 MP: 2/2
   294 | D:1      | 294 ||| Stepping ~*~*~tactically~*~*~ (stealth).
   315 | D:1      | Reached skill level 4 in Unarmed Combat
   404 | D:1      | Reached XP level 3. HP: 36/36 MP: 3/3
   555 | D:1      | Found Pilenk's Distillery.
   564 | D:1      | 564 ||| SHOPLISTING 2 potions of haste (260 gold, have 33).
   564 | D:1      | 564 ||| SHOPLISTING 2 potions of mutation (208 gold, have
                  | 33).
   564 | D:1      | 564 ||| SHOPLISTING potion of cancellation (104 gold, have
                  | 33).
   564 | D:1      | 564 ||| SHOPLISTING potion of curing (39 gold, have 33).
   599 | D:1      | 599 ||| Stepping ~*~*~tactically~*~*~ (stealth).
   600 | D:1      | 600 ||| Stepping ~*~*~tactically~*~*~ (stealth).
   891 | D:1      | 891 ||| READING scroll labelled LOZUCR NAHOUZ.
   892 | D:1      | 892 ||| READING 3 scrolls of identify.
   892 | D:1      | 892 ||| IDENTIFYING silvery potion
   893 | D:1      | 893 ||| READING 2 scrolls of identify.
   893 | D:1      | 893 ||| IDENTIFYING ruby potion
  1142 | D:2      | 1142 ||| Stepping ~*~*~tactically~*~*~ (stealth).
  1143 | D:2      | 1143 ||| READING scroll of teleportation.
  1206 | D:2      | 1206 ||| Stepping randomly (stuck).
  1210 | D:2      | 1210 ||| Stepping randomly (stuck).
  1211 | D:2      | 1211 ||| Stepping randomly (stuck).
  1212 | D:2      | 1212 ||| Stepping randomly (stuck).
  1403 | D:2      | 1403 ||| Stepping randomly (stuck).
  1404 | D:2      | 1404 ||| Stepping randomly (stuck).
  1405 | D:2      | 1405 ||| Stepping randomly (stuck).
  1406 | D:2      | 1406 ||| Stepping randomly (stuck).
  1407 | D:2      | 1407 ||| Stepping randomly (stuck).
  1408 | D:2      | 1408 ||| Stepping randomly (stuck).
  1409 | D:2      | 1409 ||| Stepping randomly (stuck).
  1419 | D:2      | Reached XP level 4. HP: 44/44 MP: 4/4
  1459 | D:2      | 1459 ||| Stepping ~*~*~tactically~*~*~ (stealth).
  1469 | D:2      | Reached skill level 5 in Unarmed Combat
  1563 | D:2      | 1563 ||| Stepping ~*~*~tactically~*~*~ (stealth).
  1832 | D:2      | 1832 ||| READING scroll of teleportation.
  1833 | D:2      | 1833 ||| STAIRDANCE
  1894 | D:3      | 1894 ||| STAIRDANCE
  2132 | D:3      | 2132 ||| Stepping ~*~*~tactically~*~*~ (stealth).
  2133 | D:3      | Noticed Sigmund
  2134 | D:3      | 2134 ||| Stepping ~*~*~tactically~*~*~ (hiding).
  2136 | D:3      | 2136 ||| Stepping ~*~*~tactically~*~*~ (hiding).
  2137 | D:3      | 2137 ||| Stepping ~*~*~tactically~*~*~ (hiding).
  2140 | D:3      | 2140 ||| Stepping ~*~*~tactically~*~*~ (outnumbered).
  2141 | D:3      | 2141 ||| Stepping ~*~*~tactically~*~*~ (outnumbered).
  2142 | D:3      | 2142 ||| Stepping ~*~*~tactically~*~*~ (outnumbered).
  2143 | D:3      | 2143 ||| Stepping ~*~*~tactically~*~*~ (outnumbered).
  2144 | D:3      | 2144 ||| Stepping ~*~*~tactically~*~*~ (outnumbered).
  2149 | D:3      | Reached XP level 5. HP: 35/50 MP: 5/5
  2167 | D:3      | HP: 11/50 [something (8)]
  2172 | D:3      | HP: 10/50 [something (6)]
  2176 | D:3      | HP: 1/50 [something (10)]
  2179 | D:3      | 2179 ||| INVOKING Fiery Armour.
  2179 | D:3      | Slain by Sigmund

Levels and vault maps discovered:
D:1:      mrwooster_arrival_statue_3, layout_basic, serial_shops, shop_statue
D:2:      layout_basic, serial_co_window_serial, co_window_paths_a,
          co_window_of_opportunity_a, co_window_paths_a, co_window_paths_a,
          co_window_corner_a, co_window_of_opportunity_a, co_window_paths_b,
          co_window_cross_3, co_window_corner_cb, co_window_corner_cb,
          co_window_4corner_b, co_window_4corner_a
D:3:      layout_rooms, nicolae_ecumenical_lake_church, uniq_sigmund,
          uniq_grinder

Skill      XL: |  1  2  3  4 |
---------------+-------------+-----
Unarmed Combat | 4 5 |  5.7
Fighting       | |  2.4
Spellcasting   | |  1.0
Fire Magic     | |  2.1

Action                   |  1- 3 |  4- 6 || total
-------------------------+-------+-------++-------
Melee: Unarmed           |   104 |    63 ||   167
       Punch             |     1 |       ||     1
Invok: Fiery Armour      |       |     1 ||     1
  Use: Scroll            |     7 |     1 ||     8
       Potion            |     1 |       ||     1
Armor: Robe              |    40 |    15 ||    55
Dodge: Dodged            |    57 |    30 ||    87

Table legend:
 A = Non-vault XP
 B = Vault XP
 C = Vault XP percentage of total XP
 D = Non-vault monster count
 E = Vault monster count
 F = Vault count percentage of total count
                 A         B        C        D         E       F
            +---------+---------+-------+---------+---------+-------
      Total |     200 |       0 |   0.0 |      62 |       0 |   0.0
            +---------+---------+-------+---------+---------+-------
        D:1 |      60 |       0 |   0.0 |      26 |       0 |   0.0
        D:2 |      48 |       0 |   0.0 |      22 |       0 |   0.0
        D:3 |      92 |       0 |   0.0 |      14 |       0 |   0.0
            +---------+---------+-------+---------+---------+-------
